Warning! The script has encountered some errors when parsing the replay. Please report them to the . » details
0x00, prev: 0x16: 16 02 02 00 6A 61 00 00 34 B8 00 00 E3 64 00 00 59 AB 00 00 [00] 00 00 00 00 00 00 00 00 00 00 00 00 00 00 00 00 00 00 00 00 00 00 00 00 00 06 0D 00 68 CA BC A7 C5 40 29 CF C5 00 00 A0 40 06 0D 00 68 CA BC A7 C5 40 29 CF C5 00 00 A0 40 04 03 00 18 02 03 04 11 00 18 00 03 1A 19 68 63 74 4F D7 69 00 00 30 BA 00 00 04 11 00 18 01 03 1A 19 72 61 62 6F 5D 65 00 00 67 A5 00 00 05 1F 00 12 08 00 03 00 0D 00 FF FF FF FF FF FF FF FF 40 B7 75 C3 FB 9B AC C5 16 63 00 00 16 AF 00 00
0x00, prev: 0x00: 16 02 02 00 6A 61 00 00 34 B8 00 00 E3 64 00 00 59 AB 00 00 00 00 00 00 00 00 00 00 00 00 00 00 00 00 00 00 00 00 00 00 00 00 00 00 [00] 00 06 0D 00 68 CA BC A7 C5 40 29 CF C5 00 00 A0 40 06 0D 00 68 CA BC A7 C5 40 29 CF C5 00 00 A0 40 04 03 00 18 02 03 04 11 00 18 00 03 1A 19 68 63 74 4F D7 69 00 00 30 BA 00 00 04 11 00 18 01 03 1A 19 72 61 62 6F 5D 65 00 00 67 A5 00 00 05 1F 00 12 08 00 03 00 0D 00 FF FF FF FF FF FF FF FF 40 B7 75 C3 FB 9B AC C5 16 63 00 00 16 AF 00 00
General information
- name: BNet
- type: Ladder team game (AT/RT)
- host: Battle.net
- saver: SDFWESDER
map: BloodstoneMesa
- players: 6
- length: 10:18
- speed: Fast
- version: 1.23 W3XP
- replay type: Public
» download(94 KB)
Players
team 1 (winner)
GirlTalk (
teal | 108 APM | 1114 actions | 10:18)
2 Keeper of the Grove
1 Entangling Roots
1 Force of Nature
» actions
| Assign group hotkey | 99 | |
| Basic commands | 49 | |
| Build / train | 32 | |
| Enter build submenu | 10 | |
| Enter hero's abilities submenu | 2 | |
| Right click | 504 | |
| Select / deselect | 91 | |
| Select group hotkey | 307 | |
| Use ability | 20 | |
1114 total
» units
» upgrades
| Ultravision | 1 | |
| Moon Armor | 1 | |
| Strength of the Moon | 1 | |
3 total
» buildings
| Altar of Elders | 1 | |
| Moon Well | 5 | |
| Hunter's Hall | 1 | |
| Ancient of War | 2 | |
9 total
» build order
00:04 Altar of Elders
00:16 Moon Well
02:20 Hunter's Hall
02:23 Ancient of War
02:25 Moon Well
02:27 Ancient of War
02:46 Moon Well
02:48 Moon Well
05:07 Moon Well
prOmise (
pink | 190 APM | 1956 actions | 10:18)
4 Death Knight
2 Death Coil
1 Unholy Aura
1 Death Pact
2 Lich
1 Frost Nova
1 Frost Armor
» actions
| Assign group hotkey | 221 | |
| Build / train | 48 | |
| Enter build submenu | 13 | |
| Enter hero's abilities submenu | 6 | |
| Give item / drop item | 2 | |
| Right click | 662 | |
| Select / deselect | 172 | |
| Select group hotkey | 789 | |
| Use ability | 43 | |
1956 total
» units
| Acolyte | 2 | |
| Ghoul | 1 | |
| Crypt Fiend | 15 | |
18 total
» upgrades
| Creature Attack | 2 | |
| Creature Carapace | 2 | |
| Burrow | 1 | |
| Web | 1 | |
6 total
» buildings
| Graveyard | 1 | |
| Crypt | 2 | |
| Altar of Darkness | 1 | |
| Ziggurat | 5 | |
| Tomb of Relics | 1 | |
| Nerubian Tower | 1 | |
| Halls of the Dead | 1 | |
| Black Citadel | 1 | |
| Sacrificial Pit | 1 | |
14 total
» build order
00:09 Graveyard
00:10 Crypt
00:28 Altar of Darkness
00:34 Ziggurat
00:47 Tomb of Relics
01:44 Ziggurat
02:20 Nerubian Tower
03:34 Crypt
03:52 Ziggurat
05:07 Halls of the Dead
06:02 Ziggurat
08:17 Black Citadel
08:49 Ziggurat
08:52 Sacrificial Pit
» items
| Rod of Necromancy | 3 | |
| Dust of Appearance | 1 | |
| Scroll of Town Portal | 3 | |
7 total

»
SDFWESDER (
green | 139 APM | 1431 actions | 10:18)
3 Priestess of the Moon
1 Searing Arrows
2 Trueshot Aura
» actions
| Assign group hotkey | 233 | |
| Build / train | 35 | |
| ESC pressed | 1 | |
| Enter build submenu | 15 | |
| Enter hero's abilities submenu | 3 | |
| Right click | 731 | |
| Select / deselect | 95 | |
| Select group hotkey | 296 | |
| Use ability | 22 | |
1431 total
» units
» upgrades
» buildings
| Altar of Elders | 1 | |
| Moon Well | 10 | |
| Hunter's Hall | 1 | |
| Ancient of War | 3 | |
15 total
» build order
00:07 Altar of Elders
00:20 Moon Well
01:39 Hunter's Hall
01:56 Ancient of War
02:11 Ancient of War
02:28 Moon Well
03:53 Moon Well
04:57 Moon Well
05:00 Moon Well
08:46 Moon Well
08:47 Moon Well
08:49 Ancient of War
08:51 Moon Well
08:53 Moon Well
08:54 Moon Well
team 2 (loser)
ChaKaChoD (
blue | 113 APM | 1105 actions | 09:44)
3 Death Knight
2 Death Coil
1 Unholy Aura
1 Lich
1 Frost Nova
» actions
| Assign group hotkey | 71 | |
| Build / train | 37 | |
| Enter build submenu | 8 | |
| Enter hero's abilities submenu | 4 | |
| Right click | 560 | |
| Select / deselect | 245 | |
| Select group hotkey | 151 | |
| Use ability | 29 | |
1105 total
» units
| Acolyte | 6 | |
| Ghoul | 1 | |
| Crypt Fiend | 11 | |
18 total
» upgrades
» buildings
| Graveyard | 1 | |
| Crypt | 1 | |
| Altar of Darkness | 1 | |
| Ziggurat | 4 | |
| Tomb of Relics | 1 | |
| Halls of the Dead | 4 | |
| Nerubian Tower | 1 | |
| Black Citadel | 2 | |
15 total
» build order
00:09 Graveyard
00:12 Crypt
00:30 Altar of Darkness
00:48 Ziggurat
01:02 Tomb of Relics
01:52 Ziggurat
03:32 Ziggurat
03:58 Halls of the Dead
03:58 Halls of the Dead
03:58 Halls of the Dead
06:10 Nerubian Tower
07:28 Black Citadel
07:29 Black Citadel
07:32 Ziggurat
» items
| Rod of Necromancy | 1 | |
| Scroll of Town Portal | 2 | |
3 total
IMnOtOk (
orange | 153 APM | 1560 actions | 10:13)
3 Tauren Chieftain
1 Endurance Aura
2 War Stomp
» actions
| Assign group hotkey | 18 | |
| Basic commands | 132 | |
| Build / train | 54 | |
| ESC pressed | 1 | |
| Enter build submenu | 13 | |
| Enter hero's abilities submenu | 3 | |
| Give item / drop item | 2 | |
| Right click | 464 | |
| Select / deselect | 214 | |
| Select group hotkey | 605 | |
| Use ability | 54 | |
1560 total
» units
| Peon | 7 | |
| Troll Headhunter/Berserker | 8 | |
| Kodo Beast | 1 | |
16 total
» upgrades
| Ranged Weapons | 2 | |
| Shaman Training | 1 | |
| Berserker Upgrade | 1 | |
| War Drums Damage Increase | 1 | |
5 total
» buildings
| Altar of Storms | 1 | |
| Orc Burrow | 4 | |
| War Mill | 1 | |
| Barracks | 2 | |
| Voodoo Lounge | 1 | |
| Stronghold | 5 | |
| Watch Tower | 1 | |
| Fortress | 6 | |
| Beastiary | 1 | |
| Spirit Lodge | 1 | |
23 total
» build order
00:21 Altar of Storms
00:35 Orc Burrow
01:05 War Mill
01:44 Barracks
01:49 Barracks
01:57 Orc Burrow
02:19 Voodoo Lounge
04:05 Stronghold
04:05 Stronghold
04:05 Stronghold
04:06 Stronghold
04:23 Orc Burrow
06:16 Watch Tower
06:34 Fortress
06:34 Fortress
06:34 Fortress
06:34 Fortress
06:52 Beastiary
07:19 Spirit Lodge
07:28 Orc Burrow
» items
| Healing Salve | 3 | |
| Scroll of Speed | 1 | |
| Lesser Clarity Potion | 1 | |
| Scroll of Town Portal | 1 | |
| Potion of Healing | 1 | |
7 total
PanCaKe) (
red | 54 APM | 556 actions | 10:17)
2 Priestess of the Moon
1 Searing Arrows
1 Trueshot Aura
» actions
| Assign group hotkey | 11 | |
| Build / train | 29 | |
| Enter build submenu | 11 | |
| Enter hero's abilities submenu | 2 | |
| Right click | 359 | |
| Select / deselect | 96 | |
| Select group hotkey | 14 | |
| Use ability | 34 | |
556 total
» units
» buildings
| Altar of Elders | 1 | |
| Moon Well | 4 | |
| Hunter's Hall | 1 | |
| Ancient of War | 4 | |
| Tree of Life | 1 | |
11 total
» build order
00:11 Altar of Elders
00:27 Moon Well
01:49 Hunter's Hall
01:53 Ancient of War
02:16 Ancient of War
02:27 Moon Well
02:45 Moon Well
05:22 Moon Well
06:20 Tree of Life
07:09 Ancient of War
07:13 Ancient of War
Chat log
(00:06 / Allies) prOmise: want to garg
(00:10 / Allies) SDFWESDER: nope
(00:12 / Allies) prOmise: k
(00:13 / Allies) GirlTalk: i'm kotg
(00:20 / Allies) prOmise: 100g me teal
(00:30 / Allies) SDFWESDER: these idiots hack
(00:31 / Allies) prOmise: so what do you guys play as
(00:31 / Allies) prOmise: jamel
(00:33 / Allies) SDFWESDER: i believe
(00:37 / Allies) SDFWESDER: quad random
(00:42 / Allies) prOmise: i c
(00:53 / Allies) GirlTalk: lol we stopped because
(00:55 / Allies) GirlTalk: at 34-0
(00:57 / Allies) GirlTalk: we couldn't find games
(01:02 / Allies) GirlTalk: and we refused to abuse
(01:03 / Allies) prOmise: and who was ur team kenton
(01:12 / Allies) GirlTalk: me, hopez, yeti, and josh
(01:14 / Allies) GirlTalk: josh is au.
(01:17 / Allies) GirlTalk: he 2s in leagues with ag.
(01:22 / Allies) GirlTalk: you probably don't know him
(01:31 / Allies) GirlTalk: we just did 1 of each race
(01:32 / Allies) prOmise: i sure dont
(01:45 / Allies) GirlTalk: it was when p4k was going through the whole mass ud thing
(01:53 / Allies) SDFWESDER: i remember lol
(01:56 / Allies) GirlTalk: meet green
(01:58 / Allies) GirlTalk: it was tight because
(01:59 / Allies) GirlTalk: every game
(02:05 / Allies) GirlTalk: i would just mass towers/expoes/pally/gyros
(02:07 / Allies) prOmise: all share up
(02:10 / Allies) GirlTalk: because they'd just 2-3 ud and feed
(02:30 / Allies) prOmise: go orc guys
(02:35 / Allies) GirlTalk: hh
(02:43 / Allies) prOmise: yeah they are prob hacking
(02:44 / Allies) prOmise: no scout
(02:48 / Allies) SDFWESDER: told you
(02:54 / Allies) prOmise: rofl
(02:56 / Allies) prOmise: and he sits there
(03:32 / Allies) GirlTalk: go potm
(03:33 / Allies) GirlTalk: go
(03:59 / Allies) GirlTalk: k coming
(04:19 / Allies) prOmise: rofl
(04:21 / Allies) GirlTalk: wow lol
(04:25 / Allies) prOmise: stay
(04:27 / Allies) prOmise: imma come dust
(04:34 / Allies) prOmise: gold wood
(04:35 / Allies) prOmise: UD otw
(05:00 / Allies) prOmise: b
(05:29 / Allies) GirlTalk: let's rape ud now
(05:36 / Allies) SDFWESDER: forgot some moonwell
(05:52 / Allies) prOmise: go hit run elf
(06:10 / Allies) prOmise: acoys during tech
(06:29 / Allies) prOmise: 4 acoys for tp
(06:34 / Allies) GirlTalk: nice
(06:40 / Allies) GirlTalk: getting aows
(06:49 / Allies) GirlTalk: orc coming
(06:50 / Allies) prOmise: care
(06:50 / Allies) GirlTalk: go up
(06:55 / Allies) prOmise: run
(06:58 / Allies) prOmise: TP
(07:02 / Allies) prOmise: tp guys
(07:09 / Allies) GirlTalk: ?
(07:16 / Allies) GirlTalk: why
(07:21 / Allies) prOmise: u were stuck
(07:22 / Allies) SDFWESDER: i was going to get raped
(07:32 / Allies) GirlTalk: FUCK THESE CREEPS
(07:36 / Allies) prOmise: goin to hit ud
(07:39 / Allies) prOmise: cause they might counter
(07:52 / Allies) SDFWESDER: yea they're here
(08:05 / Allies) GirlTalk: how we tackling this?
(08:12 / Allies) prOmise: it's called
(08:13 / Allies) prOmise: hit urn
(08:13 / Allies) prOmise: ?
(08:26 / Allies) prOmise: coming
(08:27 / Allies) prOmise: orc tped
(08:37 / Allies) GirlTalk: hit red
(08:46 / Allies) prOmise: k lets go
(09:03 / Allies) prOmise: me and green are no tps
(09:05 / Allies) prOmise: dont tp out
(09:08 / Allies) GirlTalk: ok
(09:15 / Allies) prOmise: final fight
(09:16 / Allies) prOmise: red has no tp too
(09:23 / Allies) prOmise: GO
(09:24 / Allies) prOmise: BAD POS FOR THEM
(09:29 / Allies) SDFWESDER: lol
(09:49 / All) SDFWESDER: lol
(09:49 / All) prOmise: gg hackre
(09:53 / All) GirlTalk: out hack
(09:58 / All) PanCaKe): nes bad
(10:00 / All) SDFWESDER: dumb hacker nerds
(10:01 / All) SDFWESDER: leave
(10:07 / All) PanCaKe): LOL SDFNIGGER
(10:10 / All) PanCaKe): LOLUMAD?
(10:13 / All) SDFWESDER: pissed
(10:14 / All) GirlTalk: LOL STFRAPED
(10:15 / All) SDFWESDER: now leave
(10:15 / All) prOmise: how are we mad... we won
(10:16 / All) PanCaKe): HOW MANY TIEMS HAVE I RAPED U?